 Dungeon Crawl Stone Soup version 0.30.2 (webtiles) character file.

Game seed: 4527103531459388689

67 Dillybarz the Covered (level 4, -3/38 (40) HPs)
             Began as a Minotaur Fighter on Dec 21, 2023.
             Slain by a wight
             ... wielding a +2 dire flail
              (4 damage)
             ... on level 6 of the Dungeon on Apr 22, 2024.
             The game lasted 00:07:50 (1374 turns).

Dillybarz the Covered (Minotaur Fighter)            Turns: 1374, Time: 00:07:51

HP:   -3/38 (40)    AC:  9    Str: 22    XL:     4   Next: 0%
MP:   3/3           EV:  8    Int:  5    God:
Gold: 116           SH:  4    Dex: 10    Spells: 3/3 levels left

rFire   . . .        a - +0 war axe
rCold   . . .        c - +0 buckler
rNeg    . . .        q - +0 chain mail
rPois   .            (helmet restricted)
rElec   .            (no cloak)
rCorr   .            (no gloves)
SInv    .            (no boots)
Will    .....        (no amulet) Stlth
                     (no ring)
HPRegen 0.26/turn    (no ring)
MPRegen 0.08/turn

%: no passive effects
@: drained
A: horns 2, retaliatory headbutt
a: no special abilities


You were on level 6 of the Dungeon.
You visited 1 branch of the dungeon, and saw 4 of its levels.

You collected 116 gold pieces.

Inventory:

Hand Weapons
 a - a +0 war axe (weapon)
Missiles
 j - 15 stones (quivered)
 l - 11 boomerangs
 m - 2 poisoned darts
Armour
 c - a +0 buckler (worn)
 q - a +0 chain mail (worn)
Scrolls
 b - a scroll of poison {unknown}
 e - 2 scrolls of teleportation {unknown}
 g - a scroll of enchant armour {unknown}
 h - 2 scrolls of identify {unknown}
 i - a scroll of amnesia {unknown}
 k - a scroll of magic mapping {unknown}
 p - a scroll of blinking {unknown}
 s - a scroll of fog {unknown}
 t - a scroll of silence {unknown}
Potions
 d - a potion of might
 f - a potion of ambrosia {unknown}
 n - a potion of heal wounds {unknown}
 o - a potion of magic {unknown}
 r - a potion of degeneration {unknown}


   Skills:
 + Level 4.1 Fighting
 * Level 3.8 Axes
 + Level 4.2 Armour
 + Level 4.1 Shields


You had 3 spell levels left.
You didn't know any spells.
Your spell library contained the following spells:

 Spells                   Type           Power      Damage    Failure   Level
 Sublimation of Blood     Necr           0%         N/A       99%         2
 Petrify                  Tmut/Erth      0%         N/A       100%        4
 Irradiate                Conj/Tmut      0%         3d11      100%        5


Dungeon Overview and Level Annotations

Branches:
Dungeon (3/15)

Altars:

Shops:
D:2 (


Innate Abilities, Weirdness & Mutations

You have a pair of horns on your head.
You reflexively headbutt those who attack you in melee.


Message History

The hound barely misses you. The hound barely misses you.
The hound attacks as you move away! You block the hound's attack.
The hound attacks as you move away! The hound bites you but does no damage.
You block the hound's attack. The hound attacks as you move away!
The hound bites you but does no damage. The jackal attacks as you move away!
The jackal bites you but does no damage.
The hound attacks as you move away! The hound barely misses you.
An electric eel comes into view.
The electric eel shoots out a bolt of lightning at you!
The bolt of electricity hits you! The hound bites you but does no damage.
Found 7 stones.
The hound bites you. The hound bites you but does no damage.
The hound barely misses you. You furiously retaliate!
You headbutt the hound! The jackal attacks as you move away!
The jackal bites you but does no damage.
The hound attacks as you move away! The hound barely misses you.
The gnoll attacks as you move away! The gnoll hits you with a +0 club.
The hound bites you but does no damage. The hound attacks as you move away!
You block the hound's attack. The hound attacks as you move away!
The hound bites you. The hound attacks as you move away! The hound bites you.
The gnoll attacks as you move away! You block the gnoll's attack.
The hound attacks as you move away! The hound completely misses you.
You furiously retaliate!
You headbutt the hound. The gnoll hits you with a +0 club.
You block the hound's attack.
The wight hits you with a +2 dire flail!
* * * LOW HITPOINT WARNING * * *
The hound bites you.
* * * LOW HITPOINT WARNING * * *
The hound barely misses you. The hound attacks as you move away!
The hound bites you but does no damage. The wight attacks as you move away!
The wight barely misses you. You furiously retaliate!
You headbutt the wight!
The wight hits you with a +2 dire flail!
* * * LOW HITPOINT WARNING * * *
You feel drained.
You die...

. ........####.###.
...#....##....#
#....#.....# .
#....#.....# ..
##.........### ...
#..........#.##....
##.......gh........
#......g.h..#
#.....g.zz@##
####.........##
###........≈≈≈....
#..........≈#≈≈≈≈..
#...#...#..≈≈≈≈#≈≈≈≈
##..#...#.≈≈≈#≈≈≈≈#≈
#........≈#≈≈≈≈#≈≈
#........≈≈≈≈#≈≈≈≈.
###..#..≈≈≈#≈≈≈≈


You could see a gnoll sergeant, a hound, 2 wights, 2 gnolls and a jackal.

Vanquished Creatures
  2 adders (D:2)
  2 worms (D:2)
  3 ball pythons
  5 endoplasms
  3 giant cockroaches
  3 goblins
  3 hobgoblins
  3 jackals (D:1)
  4 kobolds
  4 quokkas
  2 bats
  5 rats
39 creatures vanquished.

Notes
Turn   | Place    | Note
-------+----------+-------------------------------------------
     0 | D:1      | Dillybarz the Minotaur Fighter began the quest for the Orb.
     0 | D:1      | Reached XP level 1. HP: 19/19 MP: 0/0
   152 | D:1      | Reached XP level 2. HP: 27/27 MP: 1/1
   352 | D:1      | Upgraded the game from 0.30.1-11-g7821555f0a to 0.30.2
   646 | D:2      | Reached XP level 3. HP: 22/33 MP: 2/2
   723 | D:2      | Found Etorih's Weapon Emporium.
  1279 | D:3      | Reached XP level 4. HP: 39/40 MP: 3/3
  1290 | D:3      | You fall into a shaft and drop 3 floors!
  1339 | D:6      | Noticed a gnoll sergeant
  1374 | D:6      | HP: 1/40 [wight/+2 dire flail (12)]
  1374 | D:6      | Slain by a wight

Illustrated notes

Levels and vault maps discovered:
D:1:      kilobyte_arrival_exit_the_forest, layout_rooms
D:2:      layout_rooms, serial_shops, shop, hangedman_decor_growths
D:3:      layout_rooms
D:6:      layout_cave_pools, serial_gnoll_camp, gnoll_camp_mini_hut,
          gnoll_camp_mini_basic, grums_kennel, gnoll_camp_mini_basic,
          nicolae_lava_and_water, kennysheep_flooded_box

Skill      XL: |  1  2  3 |
---------------+----------+-----
Axes           | 3 |  3.8
Armour         | 4 |  4.2
Fighting       | 4 |  4.1
Shields        | 4 |  4.1

Action                     |  1- 3 |  4- 6 || total
---------------------------+-------+-------++-------
  Melee: War axe           |    83 |       ||    83
         Headbutt          |    11 |       ||    11
 Armour: Scale mail        |    30 |       ||    30
         Chain mail        |     9 |     9 ||    18
  Dodge: Dodged            |    37 |    12 ||    49
  Block: Buckler           |    22 |     9 ||    31
